 Dungeon Crawl Stone Soup version 0.29.1-2-gbd0b4ee654 (webtiles) character file.

Game seed: 9532107236230728003

999 Icepheonix32 the Covered (level 7, -1/59 HPs)
             Began as a Demigod Fighter on Nov 4, 2022.
             Slain by a quokka (3 damage)
             ... on level 5 of the Dungeon.
             The game lasted 00:05:35 (6290 turns).

Icepheonix32 the Covered (Demigod Fighter)          Turns: 6290, Time: 00:05:35

Health: -1/59      AC: 11    Str: 21    XL:     7   Next: 67%
Magic:  9/9        EV: 10    Int: 10    God:
Gold:   31         SH:  5    Dex: 17    Spells: 6/6 levels left

rFire   . . .      SeeInvis .   o - +3 hammer
rCold   . . .      Faith    .   c - +0 buckler
rNeg    . . .      Spirit   .   b - +0 scale mail
rPois   .          Reflect  .   l - +0 helmet
rElec   .          Harm     .   n - +1 cloak
rCorr   .          Rampage  .   e - +0 pair of gloves
Will    .....                   (no boots)
Stlth   ..........              (no amulet)
HPRegen 0.19/turn               (no ring)
MPRegen 0.11/turn               (no ring)

@: no status effects
A: high MP 1, forlorn, divine attributes
a: no special abilities


You were on level 5 of the Dungeon.
You visited 1 branch of the dungeon, and saw 5 of its levels.

You collected 301 gold pieces.
You spent 270 gold pieces at shops.

Inventory:

Hand Weapons
 a - a +0 long sword
 k - a +4 quarterstaff of chaos
 o - a +3 hammer (weapon)
Armour
 b - a +0 scale mail (worn)
 c - a +0 buckler (worn)
 e - a +0 pair of gloves (worn)
 l - a +0 helmet (worn)
 n - a +1 cloak (worn)
Wands
 d - a wand of flame (10)
Scrolls
 g - 2 scrolls of teleportation
 j - a scroll of poison
 q - 2 scrolls of amnesia
 s - a scroll of butterflies
 t - a scroll of enchant weapon
Potions
 f - a potion of attraction
 m - a potion of brilliance
 p - a potion of magic


   Skills:
 + Level 4.1 Fighting
 - Level 3.4 Long Blades
 + Level 4.6 Maces & Flails
 + Level 4.9 Armour
 + Level 1.8 Dodging
 + Level 3.6 Shields
 + Level 0.1 Evocations


You had 6 spell levels left.
You didn't know any spells.
Your spell library contained the following spells:

 Spells                   Type           Power      Damage    Failure   Level
 Beastly Appendage        Tmut           0%         N/A       78%         1
 Wereblood                Tmut           0%         N/A       89%         2
 Dazzling Flash           Conj/Hex       0%         N/A       98%         3
 Spider Form              Tmut/Pois      0%         N/A       98%         3
 Agony                    Necr           0%         N/A       100%        5
 Silence                  Hex/Air        0%         N/A       100%        5
 Conjure Ball Lightning   Conj/Air       0%         3x3d6     100%        6
 Discord                  Hex            0%         N/A       100%        8
 Disjunction              Tloc           0%         N/A       100%        8


Dungeon Overview and Level Annotations

Branches:
Dungeon (5/15)             Temple (0/1) D:4

Shops:
D:1 ?


Innate Abilities, Weirdness & Mutations

You have an increased reservoir of magic. (+10% MP)
You shall have no god before yourself.
Your divine heritage dramatically boosts your attributes as you level up.


Message History

You hit the gnoll sergeant but do no damage.
The gnoll sergeant is severely wounded.
The gnoll sergeant hits you with a +0 trident.
* * * LOW HITPOINT WARNING * * *
You hit the gnoll sergeant.
The gnoll sergeant is almost dead.
The gnoll sergeant hits you but does no damage.
You barely miss the gnoll sergeant.
The gnoll sergeant is almost dead.
The gnoll sergeant hits you with a +0 trident.
* * * LOW HITPOINT WARNING * * *
You hit the gnoll sergeant but do no damage.
The gnoll sergeant is almost dead.
The gnoll sergeant hits you with a +0 trident.
* * * LOW HITPOINT WARNING * * *
Okay, then.
You closely miss the gnoll sergeant.
The gnoll sergeant is almost dead.
The gnoll sergeant hits you with a +0 trident.
* * * LOW HITPOINT WARNING * * *
The gnoll sergeant closely misses you.
A rat comes into view.
You hit the gnoll sergeant.
The gnoll sergeant is almost dead.
The gnoll sergeant hits you with a +0 trident.
* * * LOW HITPOINT WARNING * * *
You hit the gnoll sergeant.
The gnoll sergeant is almost dead.
The gnoll sergeant hits you with a +0 trident.
* * * LOW HITPOINT WARNING * * *
You hit the gnoll sergeant.
You kill the gnoll sergeant!
The rat barely misses you. The quokka closely misses you.
You sock the rat!
You kill the rat!
The quokka barely misses you. The quokka attacks as you move away!
You block the quokka's attack.
You see here a rat corpse.
You barely miss the quokka. The quokka bites you.
You die...

#. #.... #.# #....
##.### #.... #.#...
###### #....
#...###..#.###..##
#...†..##.#.##..#.
#..##.##.###.#....#.
###.#..## ##.##..#.
#r@####.# ####..##
#..rr)### .# #'###
#...rr # #....
#....r #.... #.....
#.... #..... #...#
###... ##### ###.


You could see a river rat, a quokka and 2 rats.

Vanquished Creatures
  Eustachio (D:4)
  An ice beast (D:5)
  Blork the orc (D:4)
  A gnoll sergeant (D:5)
  A water moccasin zombie (D:5)
  2 wyvern zombies (D:5)
  A howler monkey (D:5)
  Crazy Yiuf (D:2)
  A bullfrog zombie (D:5)
  A hound (D:5)
  A jelly (D:5)
  A centaur zombie (D:5)
  2 iguanas
  Terence (D:2)
  A scorpion zombie (D:5)
  Robin (D:2)
  7 adders
  A worm (D:2)
  3 dart slugs (D:1)
  5 orcs
  6 bats
  6 endoplasms
  3 giant cockroaches
  8 goblins
  9 hobgoblins
  4 jackals (D:2)
  6 quokkas
  10 ball pythons
  4 frilled lizards
  4 kobolds
  10 rats
104 creatures vanquished.

Notes
Turn   | Place    | Note
-------+----------+-------------------------------------------
     0 | D:1      | Icepheonix32 the Demigod Fighter began the quest for the
                  | Orb.
     0 | D:1      | Reached XP level 1. HP: 18/18 MP: 3/3
   199 | D:1      | Found Tolotyts's Magic Scroll Emporium.
   204 | D:1      | Bought a scroll of identify for 24 gold pieces
   325 | D:1      | Reached XP level 2. HP: 23/25 MP: 4/4
  1249 | D:2      | Reached XP level 3. HP: 10/31 MP: 5/5
  1884 | D:2      | Noticed Terence
  1896 | D:2      | Killed Terence
  2264 | D:2      | Noticed Robin
  2275 | D:2      | Reached XP level 4. HP: 38/38 MP: 6/6
  2314 | D:2      | Killed Robin
  2936 | D:2      | Found a runed translucent door.
  2937 | D:2      | Noticed Crazy Yiuf
  3094 | D:2      | Killed Crazy Yiuf
  3498 | D:3      | Reached XP level 5. HP: 42/45 MP: 7/7
  4062 | D:4      | Noticed Blork the orc
  4074 | D:4      | Killed Blork the orc
  4075 | D:4      | Reached skill level 1 in Maces & Flails
  4243 | D:4      | Noticed Eustachio
  4460 | D:4      | Killed Eustachio
  4461 | D:4      | Reached skill level 1 in Dodging
  4461 | D:4      | Reached XP level 6. HP: 30/52 MP: 8/8
  4655 | D:4      | Found a staircase to the Ecumenical Temple.
  5166 | D:1      | Bought a scroll of butterflies for 48 gold pieces
  5166 | D:1      | Bought a scroll of enchant weapon for 90 gold pieces
  5166 | D:1      | Bought a scroll of teleportation for 36 gold pieces
  5166 | D:1      | Bought a scroll of amnesia for 48 gold pieces
  5166 | D:1      | Bought a scroll of identify for 24 gold pieces
  5281 | D:5      | Entered Level 5 of the Dungeon
  5613 | D:5      | Reached XP level 7. HP: 48/58 MP: 9/9
  5787 | D:5      | HP: 2/58 [wyvern zombie (7)]
  6285 | D:5      | HP: 2/59 [gnoll sergeant/+0 trident (6)]
  6290 | D:5      | Slain by a quokka

Illustrated notes

Levels and vault maps discovered:
D:1:      scummos_arrival_simple_crosswalls, layout_loops_corners, serial_shops,
          nicolae_shop_hallway_stairs, shapermc_ecumenical_altar_venn,
          minmay_misc_feat_hallway, nrook_mini_vaults
D:2:      layout_loops_corners, uniq_robin, uniq_crazy_yiuf_cottage,
          uniq_terence
D:3:      layout_loops_ring, grunt_decor_one_mirror
D:4:      layout_cave_pools, amcnicky_altar_gilded,
          mainiacjoe_overflow_small_starburst, minmay_temple_entry_waves,
          uniq_blork_the_orc, uniq_eustachio
D:5:      lemuel_ratsnest, layout_gridville, nicolae_yredelemnul_corpse_copse,
          minivault_25

Skill      XL: |  1  2  3  4  5  6  7 |
---------------+----------------------+-----
Shields        | 3 |  3.6
Long Blades    | 2 3 |  3.4
Fighting       | 3 4 |  4.1
Armour         | 3 4 |  4.9
Maces & Flails | 2 3 4 |  4.6
Dodging        | 1 |  1.8
Evocations     | |  0.1

Action                   |  1- 3 |  4- 6 |  7- 9 || total
-------------------------+-------+-------+-------++-------
Melee: Long sword        |   158 |    75 |       ||   233
       Mace              |       |    92 |   105 ||   197
Evoke: Wand              |       |     2 |       ||     2
  Use: Potion            |     3 |     1 |     3 ||     7
       Scroll            |       |     7 |       ||     7
Armor: Scale mail        |    97 |    61 |    41 ||   199
       Skin              |     4 |    23 |       ||    27
Dodge: Dodged            |    85 |    74 |    54 ||   213
Block: Buckler           |    42 |    28 |    27 ||    97
